Reddit, neutral male human Monk --- --- --....... ..-- ----- --...........). --...| ............... |..).| 0 ...%.......)..-. --....------ |.....-- #|......||..| 0------------ |.....| #-%....---..| .0..........| # ---.-...| ##.-).-|.^.-- ...------.....--- |..%....| # |..--.--- ...'.( |...|..----)---.|.| |%|0..| ..@GG- ---.....|...|----- - |.|.--- ...G.. |........--.-- ---.--...| .>.. --...........| |.......--- ----........----.......| --........|..-%.....| |..................| --....---^.......-- |..--- |......-- ---- -----.-- --- Reddit the Initiate Experience level: 8 Strength: 18 Dexterity: 15 Constitution: 10 Intelligence: 12 Wisdom: 11 Charisma: 11 Health: 0(55) Energy: 18(33) AC: 4 Gold: 514 Moves: 1727 Your Inventory: Coins $ - 514 gold pieces Weapons z - 10 uncursed [+0] darts Armor a - a blessed +2 pair of leather gloves (being worn) b - an uncursed +1 robe (being worn) Comestibles f - 3 uncursed food rations g - an uncursed apple h - 8 uncursed oranges i - 3 uncursed fortune cookies A - an uncursed partly eaten food ration O - an [uncursed garter snake] egg Scrolls x - an uncursed scroll labeled GARVEN DEH [of enchant weapon] y - an uncursed scroll labeled LOREN IPSUM [of enchant armor] G - an [uncursed] scroll labeled HAPAX LEGOMENON [of create monster] H - an [uncursed] scroll labeled HACKEM MUCHE [of remove curse] Spellbooks c - a blessed spellbook of healing Potions e - 3 uncursed potions of healing j - an uncursed amber potion [of blindness] l - an uncursed golden potion [of fruit juice] J - an [uncursed] orange potion [of enlightenment] M - an [uncursed] slimy potion [of sickness] N - an [uncursed] bubbly potion [of object detection] Tools r - an uncursed [+0] pick-axe K - an [uncursed] partly used [tallow] candle (lit) (0:45) Gems n - an [uncursed] yellowish brown gem [worthless glass] o - an [uncursed] violet gem [worthless glass] p - 2 [uncursed] yellow gems [worthless glass] s - an [uncursed] violet gem [amethyst] L - an [uncursed] white gem [diamond] P - an [uncursed] black gem [worthless glass] Spells known in the end: Name Level Category Fail Memory a - healing 1 healing 0% [||||||||] Your skills at the end: Fighting Skills martial arts [Skilled / Grand Master] Weapon Skills Spellcasting Skills healing spells [Basic / Expert] Final Attributes: You were devoutly aligned. Hunger level was 288. Your alignment was 18 / 18. Monster difficulty range was 1 - 8. Level difficulty was 9. You were immune to sleep. You were immune to poison. You saw invisible. You were warned. You were stealthy. You were held by a rope golem. You were fast. Your luck was zero. You are dead. Vanquished creatures: a stone giant a winter wolf cub 2 giant spiders a gnome king a mountain nymph a Mordor orc 4 enormous rats a shrieker 7 gnome lords a gnomish wizard 5 giant ants a kitten 13 dwarves a werejackal 2 hobbits 4 manes 36 gnomes a gecko 2 grid bugs 3 newts 88 creatures vanquished. Voluntary challenges: You followed a strict vegan diet. You never hit with a wielded weapon. You read items or engraved 11 times. You put on armor 2 times. You never genocided any monsters. You never polymorphed an object. You never changed form. You used no wishes. You wrote Elbereth's name 9 times. You never encountered a bones level. You never used any Sokoban shortcuts. Dungeon overview: The Dungeons of Doom: levels 1 to 3 Level 1 a long staircase Level 2 a scroll shop, an altar to Chih Sung-tzu, a fountain Level 3 stairs to The Gnomish Mines The Gnomish Mines: levels 4 to 9 Level 4 stairs to The Dungeons of Doom Level 7 some shops, a temple, a magic chest, some fountains Level 9 <- You were here History has recorded: On T:1 you entered the Dungeons of Doom to retrieve the Amulet of Yendor! On T:195 you reached level 2 of The Dungeons of Doom. On T:319 you advanced to experience level 2. On T:430 you advanced to experience level 3. On T:511 you reached level 3 of The Dungeons of Doom. On T:553 you reached level 1 of The Gnomish Mines. On T:570 you advanced to experience level 4. On T:620 you advanced to experience level 5. On T:728 you reached level 2 of The Gnomish Mines. On T:763 you advanced to experience level 6. On T:768 you reached level 3 of The Gnomish Mines. On T:805 you reached level 4 of The Gnomish Mines. On T:1032 you advanced to experience level 7. On T:1192 you reached level 5 of The Gnomish Mines. On T:1285 you advanced to experience level 8. On T:1545 you reached level 6 of The Gnomish Mines. Latest messages: You cannot escape from the rope golem! The rope golem hits! (2x) You are being choked. [HP-12=4] You cannot escape from the rope golem! The gnome misses. You feel better. [HP+12=16] You feel better. The rope golem hits! (2x) You are being choked. [HP+2=18] You hit the rope golem! The rope golem hits! (2x) You are being choked. The gnome hits! The gnome swings her bow. The gnome hits! You die... Final status: Punardarsanaya Reddit the Monk... You died in The Gnomish Mines on dungeon level 9 with 1279 points, and 514 pieces of gold, after 1727 moves. You were level 8 with a maximum of 55 hit points when you died.